 Dungeon Crawl Stone Soup version 0.31-a0-889-g1a8549509d (webtiles) character file.

Game seed: 8022443928740811898

20636 mortress the Grappler (level 12, -7/102 (105) HPs)
             Began as a Grey Draconian Shapeshifter on Oct 17, 2023.
             Was a Believer of Ru.
             Mangled by a sun demon (15 damage)
             ... summoned by an orc sorcerer
             ... on level 1 of the Orcish Mines.
             The game lasted 00:46:04 (11135 turns).

mortress the Grappler (DrSh)                       Turns: 11135, Time: 00:46:05

HP:   -7/102 (105)  AC: 17    Str: 20    XL:     12   Next: 47%
MP:   10/10         EV: 15    Int: 11    God:    Ru [**....]
Gold: 713           SH:  0    Dex: 12    Spells: 11/11 levels left

rFire   . .          .
                       - Unarmed
rCold   . . .        (no shield)
rNeg    + . .        (body armour unavailable)
rPois   .            (helmet currently unavailable)
rElec   .            (cloak currently unavailable)
rCorr   .            (gloves currently unavailable)
SInv    .            (boots currently unavailable)
Will    .....        h - amulet of regeneration
Stlth   +++          u - ring of positive energy
HPRegen 1.17/turn    B - +4 ring of protection
MPRegen 0.12/turn

%: no passive effects
@: beast-form, lightly drained
A: beast (slay +4), AC +13, amphibious, unfitting armour, low MP 1,
cold-blooded, hated by all
a: Begin Untransformation, Renounce Religion


You were on level 1 of the Orcish Mines.
You worshipped Ru.
Ru was pleased with you.
You were a hulking beast.
You visited 3 branches of the dungeon, and saw 14 of its levels.

You collected 713 gold pieces.

Inventory:

Missiles
 d - 137 stones
 f - 7 poisoned darts
 o - 8 boomerangs
 A - 3 throwing nets (quivered)
 K - 5 javelins
 L - 2 atropa-tipped darts
Armour
 l - a +0 pair of boots
 m - a +2 helmet
 n - a +0 pair of gloves
 E - a +0 cloak of preservation
Jewellery
 h - an amulet of regeneration (around neck)
 s - a ring of magical power
 u - a ring of positive energy (left hand)
 B - a +4 ring of protection (right hand)
 C - an amulet of the acrobat
 J - a ring of ice
Talismans
 b - a beast talisman (active)
 c - a flux talisman
 p - a serpent talisman
 w - a blade talisman
Wands
 i - a wand of mindburst (4)
 x - a wand of polymorph (4)
 z - a wand of charming (14)
 Q - a wand of iceblast (1)
 S - a wand of quicksilver (6)
Scrolls
 e - 5 scrolls of revelation
 j - 7 scrolls of teleportation
 k - 2 scrolls of poison {unknown}
 q - a scroll of fear {unknown}
 t - 2 scrolls of blinking {unknown}
 v - 3 scrolls of noise {unknown}
 y - 2 scrolls of enchant armour {unknown}
 G - 2 scrolls of immolation {unknown}
 H - 2 scrolls of amnesia {unknown}
 N - a scroll of fog {unknown}
 O - a scroll of identify
Potions
 a - 4 potions of lignification
 g - 5 potions of curing
 r - a potion of resistance
 D - 2 potions of heal wounds
 F - a potion of mutation
 I - 2 potions of invisibility
 M - a potion of magic {unknown}
 P - a potion of attraction {unknown}
 R - a potion of enlightenment {unknown}


   Skills:
 + Level 9.4 Fighting
 + Level 4.5 Throwing
 + Level 8.0 Dodging
 - Level 6.0 Stealth
 * Level 12.2 Unarmed Combat
 - Level 5.0 Evocations
 + Level 8.2 Shapeshifting


You had 11 spell levels left.
You didn't know any spells.
Your spell library contained the following spells:

 Spells                   Type           Power      Damage    Failure   Level
 Ensorcelled Hibernation  Hex/Ice        0%         N/A       47%         2
 Jinxbite                 Hex            0%         N/A       47%         2
 Lesser Beckoning         Tloc           0%         N/A       47%         2
 Gell's Gravitas          Tloc           0%         N/A       71%         3
 Teleport Other           Tloc           0%         N/A       71%         3
 Anguish                  Hex/Necr       0%         N/A       98%         4
 Cause Fear               Hex            0%         N/A       98%         4
 Malign Gateway           Summ/Tloc      Unusable   N/A       N/A         7

Dungeon Overview and Level Annotations

Branches:
Dungeon (10/15)            Temple (0/1) D:5            Lair (2/5) D:8
 Shoals (0/4) Lair:2          Orc (2/2) D:10            Elf (0/3) Orc:2
  Snake: Lair:2-3    Spider: Lair:2-3

Altars:
Ashenzari
Gozag
Ru
Xom
Zin
The Shining One

Shops:
D:10 [   Orc:1 (

Portals:
Trove: D:10 (give 10 potions of heal wounds)

Annotations:
D:1 1 transporter
Lair:2 Amaemon


Innate Abilities, Weirdness & Mutations

You are a hulking beast.
Your limbs bulge with bestial killing power. (Slay +4)
Your dull iron-grey scales are very hard. (AC +13)
You are amphibious.
You cannot fit into any form of body armour.
Your magical capacity is low. (-10% MP)
You are cold-blooded and may be slowed by cold attacks.
You are hated by all.


Message History

You punch the warg!
Your tail-slap misses the warg.
The warg is almost dead.
The orc warrior hits you but does no damage.
The orc priest barely misses you.
You closely miss the warg. You tail-slap the warg.
You kill the warg!
The orc warrior hits you but does no damage.
The orc priest misses you.
You punch the orc priest!
You kill the orc priest!
The orc warrior hits you from afar with a +0 glaive!
The orc sorcerer casts a spell.
You barely miss the orc sorcerer.
The orc warrior hits you from afar with a +0 glaive!
The orc sorcerer hits you but does no damage.
You punch the orc sorcerer!
The orc sorcerer is moderately wounded.
The sun demon barely misses you.
You punch the orc sorcerer!
You tail-slap the orc sorcerer, but do no damage.
The orc sorcerer is severely wounded.
The orc warrior barely misses you.
The orc sorcerer hits you but does no damage.
The sun demon hits you!
You are engulfed in flames!
You completely miss the orc sorcerer. You tail-slap the orc sorcerer.
The orc sorcerer is severely wounded.
The orc warrior misses you.
The orc sorcerer hits you but does no damage.
The sun demon hits you but does no damage.
You hit the orc sorcerer. You punch the orc sorcerer.
The orc sorcerer is almost dead.
The orc warrior hits you from afar with a +0 glaive.
The orc sorcerer points at you and mumbles some strange words.
The bolt of negative energy hits you! You partially resist.
You feel drained.
* * * LOW HITPOINT WARNING * * *
You focus your inner power and illuminate the orc sorcerer in retribution!
The sun demon hits you!
* * * LOW HITPOINT WARNING * * *
You are engulfed in flames!
You die...

....#.....## ##
.#.##....#.### #.##
..###........## ...#
...#...#......##...#
......###.....#...
...... #......#.###
...... ##.........##
. ...#
#.........).#....
.##
#........h†....8.
#.....#..o3......
#......###..o....8
##..... ##.......
#..... #...... .....
...... #..... .....


You could see a sun demon (summoned), an orc sorcerer (corona) and an orc
warrior.

Vanquished Creatures
  Gastronok (D:8)
  Snorg (Orc:1)
  Josephine (Orc:1)
  Harold (Lair:1)
  A two-headed ogre (D:9)
  An elephant (D:7)
  A black mamba (Lair:1)
  A kobold demonologist (D:9)
  A rime drake (Lair:1)
  5 cane toads
  4 komodo dragons
  3 trolls
  A polar bear (Lair:2)
  Grinder (D:3)
  4 wraiths
  3 wyverns
  A vampire (D:8)
  19 yaks
  2 shadows (D:10)
  2 basilisks
  3 steam dragons
  Grum (D:7)
  A warg (Orc:1)
  An acid dragon (D:8)
  8 water moccasins
  13 orc warriors
  2 black bears
  A sky beast (D:7)
  3 ogres
  6 wolves
  4 centaurs
  2 phantoms (D:5)
  Blork the orc (D:6)
  A kobold brigand (D:9)
  2 gnoll sergeants (D:9)
  2 scorpions
  13 bullfrogs
  2 wights (D:9)
  12 killer bees
  An electric eel (Lair:2)
  9 howler monkeys
  6 hounds
  2 jellies
  8 orc priests
  Crazy Yiuf (D:6)
  3 gnoll boudas
  3 sleepcaps
  15 orc wizards
  Natasha (thrice) (D:2)
  2 iguanas
  Terence (D:3)
  18 gnolls
  15 adders
  A white imp (D:7)
  2 ufetubi (D:5)
  3 dart slugs
  32 orcs
  5 bats
  8 endoplasms
  4 giant cockroaches
  10 goblins
  6 hobgoblins
  10 jackals
  8 kobolds
  3 quokkas
  8 ball pythons
  3 frilled lizards
  6 rats
328 creatures vanquished.

Vanquished Creatures (others)
  A yak (Lair:1)
  An orc (Orc:1)
2 creatures vanquished.

Grand Total: 330 creatures vanquished

Notes
Turn   | Place    | Note
-------+----------+-------------------------------------------
     0 | D:1      | mortress the Draconian Shapeshifter began the quest for the
                  | Orb.
     0 | D:1      | Reached XP level 1. HP: 16/16 MP: 1/1
    78 | D:1      | Reached XP level 2. HP: 23/23 MP: 2/2
   469 | D:1      | Reached XP level 3. HP: 29/29 MP: 3/3
   646 | D:2      | Noticed Natasha
   652 | D:2      | Killed Natasha
   659 | D:2      | Noticed Natasha
   668 | D:2      | Killed Natasha
   669 | D:2      | Reached XP level 4. HP: 25/36 MP: 4/4
   703 | D:2      | Found a faded altar of an unknown god.
   928 | D:2      | Noticed Natasha
   935 | D:2      | Killed Natasha
   936 | D:2      | Reached skill level 4 in Unarmed Combat
   962 | D:2      | Reached XP level 5. HP: 42/42 MP: 5/5
   972 | D:2      | Reached skill level 1 in Stealth
  1294 | D:3      | Noticed Terence
  1314 | D:3      | Killed Terence
  1425 | D:3      | Noticed Grinder
  1435 | D:3      | Paralysed by Grinder for 4 turns
  1443 | D:3      | Paralysed by Grinder for 3 turns
  1456 | D:3      | Killed Grinder
  1457 | D:3      | Reached skill level 5 in Unarmed Combat
  1457 | D:3      | Reached XP level 6. HP: 49/51 MP: 6/6
  1665 | D:3      | Found a broken altar of Ashenzari.
  2197 | D:4      | Your scales start taking on a dull iron-grey colour.
  2197 | D:4      | Reached XP level 7. HP: 57/57 MP: 7/7
  2438 | D:4      | Found an opulent altar of Gozag.
  2956 | D:5      | Entered Level 5 of the Dungeon
  3015 | D:5      | Found a glowing golden altar of the Shining One.
  3015 | D:5      | Found a sacrificial altar of Ru.
  3018 | D:5      | Became a worshipper of Ru the Awakened
  3133 | D:5      | Reached skill level 6 in Unarmed Combat
  3164 | D:5      | Found a shimmering altar of Xom.
  3273 | D:5      | Reached XP level 8. HP: 64/66 MP: 8/8
  3430 | D:5      | Found a staircase to the Ecumenical Temple.
  3676 | D:6      | Reached skill level 1 in Evocations
  3918 | D:6      | Reached skill level 5 in Fighting
  3918 | D:6      | Reached skill level 7 in Unarmed Combat
  3918 | D:6      | Reached skill level 5 in Shapeshifting
  4303 | D:6      | Reached XP level 9. HP: 74/74 MP: 9/9
  4309 | D:6      | Gained mutation: You are hated by all. [Ru sacrifice]
  4309 | D:6      | Reached * piety under Ru
  4390 | D:6      | Noticed Blork the orc
  4396 | D:6      | Killed Blork the orc
  4490 | D:6      | Found a runed translucent door.
  4491 | D:6      | Noticed Crazy Yiuf
  4496 | D:6      | Killed Crazy Yiuf
  4500 | D:6      | Identified the +2 hammer "Eviscerator" {venom, Str+6}
  4963 | D:7      | Reached skill level 5 in Dodging
  5338 | D:8      | Noticed Grum
  5339 | D:8      | Noticed an elephant
  5366 | D:7      | Killed Grum
  5420 | D:8      | Found a glowing silver altar of Zin.
  5467 | D:8      | Reached skill level 8 in Unarmed Combat
  5478 | D:8      | Noticed Gastronok
  5956 | D:7      | Killed an elephant
  5957 | D:7      | Reached skill level 5 in Stealth
  6010 | D:8      | Reached XP level 10. HP: 78/84 MP: 10/10
  6016 | D:8      | Found a staircase to the Lair.
  6357 | D:8      | Killed Gastronok
  6358 | D:8      | Reached skill level 9 in Unarmed Combat
  7032 | D:9      | Reached skill level 5 in Evocations
  7260 | D:9      | Noticed a two-headed ogre
  7492 | D:9      | Reached skill level 10 in Unarmed Combat
  7492 | D:9      | Reached XP level 11. HP: 46/92 MP: 11/11
  7655 | D:9      | Reached skill level 1 in Throwing
  7674 | D:9      | Killed a two-headed ogre
  7788 | D:10     | Entered Level 10 of the Dungeon
  7788 | D:10     | Found Vaxirr's Antique Armour Shop.
  8134 | D:10     | Found a staircase to the Orcish Mines.
  8187 | D:10     | Found a portal to a secret trove of treasure.
  8574 | Lair:2   | Identified the "Ruguumah"
  8574 | Orc:1    | Entered Level 1 of the Orcish Mines
  8574 | Orc:1    | Noticed Snorg
  8582 | Orc:1    | Noticed Josephine
  8584 | Orc:1    | Killed Snorg
  8591 | Orc:1    | Killed Josephine
  8736 | Orc:2    | Entered Level 2 of the Orcish Mines
  8736 | Orc:2    | Found a staircase to the Elven Halls.
  8868 | Lair:1   | Entered Level 1 of the Lair of Beasts
  9105 | Lair:1   | Noticed Harold
  9177 | Lair:1   | Reached skill level 11 in Unarmed Combat
  9190 | Lair:1   | Killed Harold
  9412 | Lair:1   | Reached XP level 12. HP: 103/103 MP: 12/12
  9660 | Lair:1   | Gained mutation: Your magical capacity is low. (-10% MP)
                  | [Ru sacrifice]
  9660 | Lair:1   | Reached ** piety under Ru
 10183 | Lair:2   | Reached skill level 12 in Unarmed Combat
 10242 | Lair:2   | Found a staircase to the Shoals.
 10336 | Lair:2   | Noticed Amaemon
 10749 | Orc:2    | Noticed an orc high priest
 10805 | Orc:1    | Found Ickamow's Weapon Shop.
 11135 | Orc:1    | Mangled by a sun demon

Illustrated notes

Levels and vault maps discovered:
D:1:      spicycebolla_arrival_risky_transporter, layout_basic
D:2:      layout_loops_ring, ebering_ecumenical_altar_petrified, uniq_natasha
D:3:      layout_basic, marbit_many_paths, columned_hall_lemuel,
          minmay_misc_feat_room, uniq_grinder, uniq_terence
D:4:      layout_loops_corners, nicolae_gozag_seed_capital, st_stairs_1,
          minmay_splitting_lines
D:5:      layout_loops_ring, mainiacjoe_overflow_boulevard,
          gammafunk_temple_overflow_elements,
          minmay_temple_entry_statues_pillars, abandoned_shop
D:6:      layout_loops_cross, st_stairs_8, uniq_blork_the_orc,
          uniq_crazy_yiuf_cottage
D:7:      layout_gridville, lemuel_crystal_altar
D:8:      layout_loops_cross, lemuel_crystal_altar, david_lair_generic,
          uniq_gastronok, uniq_grum
D:9:      minmay_recursive_quarters, layout_rooms, general_overflow_altar,
          kennysheep_pointless_box
D:10:     layout_loops_ring, orc_0_dummy, serial_shops, nicolae_shop_dealshenge,
          trove_entry_hex_spiral
Lair:1:   layout_cave_pods, lemuel_fruit_tree, uniq_harold
Lair:2:   dreamdust_cave_troll, layout_regular_city, elwin_shoals_entry_rocks,
          nicolae_snake_entry_warm_welcome, serial_bayou_shore_a,
          grunt_megastairs_3, uniq_amaemon
Orc:1:    nicolae_orc_accident_2, layout_diamond_mine, serial_shops, shop,
          uniq_josephine, uniq_snorg
Orc:2:    grunt_orc_cross, layout_caves, serial_shops, nicolae_shop_peninsula

Skill      XL: |  1  2  3  4  5  6  7  8  9 10 11 12 |
---------------+-------------------------------------+-----
Dodging        | 2 3 4 5 6 7 8 |  8.0
Fighting       | 2 3 4 5 6 7 8 9 |  9.4
Unarmed Combat | 4 5 6 7 8 10 11 12 | 12.2
Stealth        | 2 3 4 5 6 |  6.0
Shapeshifting  | 4 5 6 7 8 |  8.2
Evocations     | 2 3 5 |  5.0
Throwing       | 3 4 |  4.5

Action                     |  1- 3 |  4- 6 |  7- 9 | 10-12 || total
---------------------------+-------+-------+-------+-------++-------
  Melee: Unarmed           |    69 |   180 |   371 |   649 ||  1269
         Tailslap          |     4 |    19 |    68 |    88 ||   179
         Punch             |       |     7 |    13 |    47 ||    67
  Throw: Boomerang         |       |     6 |       |       ||     6
         Dart              |       |     2 |       |       ||     2
         Throwing net      |       |       |       |     2 ||     2
 Invoke: Sacrifice Love    |       |       |     1 |       ||     1
         Reject Sacrifices |       |       |       |     1 ||     1
         Sacrifice Essence |       |       |       |     1 ||     1
    Use: Scroll            |       |       |       |     8 ||     8
         Potion            |       |       |       |     2 ||     2
   Stab: Sleeping          |     1 |       |     9 |     5 ||    15
         Petrified         |       |       |     4 |       ||     4
         Distracted        |       |       |       |     2 ||     2
         Held in net/web   |       |       |       |     1 ||     1
 Armour: Skin              |    33 |    69 |   227 |   460 ||   789
  Dodge: Dodged            |    54 |   109 |   213 |   380 ||   756

Table legend: (Time is in decaauts)
 A = Elapsed time spent in this place.
 B = Non-inter-level travel time spent in this place.
 C = Inter-level travel time spent in this place.
 D = Time resting spent in this place.
 E = Time spent auto-exploring this place.
 F = Levels seen in this place.
 G = Mean time per level.
                   A        B        C        D        E       F      G
               +--------+--------+--------+--------+--------+-----+--------+
         Total |  10975 |  10116 |    859 |    582 |   6653 |  14 |  783.9 |
       Dungeon |   8617 |   7860 |    757 |    230 |   5394 |  10 |  861.7 |
          Lair |   1480 |   1387 |     93 |     68 |    928 |   2 |  740.0 |
  Orcish Mines |    876 |    868 |      8 |    284 |    331 |   2 |  438.0 |
               +--------+--------+--------+--------+--------+-----+--------+

Top non-repeatable levels by time:
     D:7: 1193 daAuts
     D:8: 1144 daAuts
  Lair:1: 1036 daAuts
     D:3: 925 daAuts
     D:9: 887 daAuts
    D:10: 875 daAuts
     D:6: 875 daAuts
     D:4: 825 daAuts
   Orc:1: 817 daAuts
     D:5: 700 daAuts
     D:1: 646 daAuts
     D:2: 542 daAuts
  Lair:2: 443 daAuts
   Orc:2: 59 daAuts
